 Dungeon Crawl Stone Soup version 0.31.0-10-gcf4a605ca0 (webtiles) character file.

Game seed: 4926721405688579166

12 Gadfly the Ruffian (level 2, -4/23 HPs)
             Began as a Draconian Shapeshifter on Jan 26, 2024.
             Killed from afar by Natasha (8 damage)
             ... with a magic dart
             ... on level 2 of the Dungeon.
             The game lasted 00:01:14 (1098 turns).

Gadfly the Ruffian (Draconian Shapeshifter)         Turns: 1098, Time: 00:01:15

Health: -4/23      AC:  4    Str: 16    XL:     2   Next: 20%
Magic:  2/2        EV: 12    Int: 10    God:
Gold:   30         SH:  0    Dex: 10    Spells: 1/1 levels left

rFire   . .          .
                       - Unarmed
rCold   . . .        (no shield)
rNeg    . . .        (body armour unavailable)
rPois   .            (helmet currently unavailable)
rElec   .            (cloak currently unavailable)
rCorr   .            (gloves currently unavailable)
SInv    .            (boots currently unavailable)
Will    .....        (no amulet)
Stlth   +            (no ring)
HPRegen 0.23/turn    (no ring)
MPRegen 0.08/turn

%: no passive effects
@: lethally poisoned (-4 -> -7), beast-form
A: beast (slay +1), AC +4, unfitting armour, cold-blooded
a: Begin Untransformation


You were on level 2 of the Dungeon.
You were a hulking beast.
You visited 1 branch of the dungeon, and saw 2 of its levels.

You collected 30 gold pieces.

Inventory:

Talismans
 b - a beast talisman
 c - a flux talisman
Potions
 a - a potion of lignification
 e - 2 potions of curing
 g - a potion of enlightenment


   Skills:
 + Level 1.3 Fighting
 * Level 2.0 Dodging
 * Level 3.1 Unarmed Combat
 * Level 0.8 Evocations
 * Level 3.1 Shapeshifting


You had one spell level left.
You didn't know any spells.
Your spell library was empty.

Dungeon Overview and Level Annotations

Branches:
Dungeon (2/15)

Altars:

Annotations:
D:2 Natasha


Innate Abilities, Weirdness & Mutations

You are a hulking beast.
Your limbs bulge with bestial killing power. (Slay +1)
Your plain brown scales are hard. (AC +4)
You cannot fit into any form of body armour.
You are cold-blooded and may be slowed by cold attacks.


Message History

You hit the bat.
You kill the bat!
Your Dodging skill increases to level 2!
No target in view!
No target in view!
No target in view!
HP restored.
There is a stone staircase leading down here.
Natasha, Servant of Life and Death comes into view.
Found a stone staircase leading up.
Natasha stares at you and mumbles some strange words.
The magic dart hits you.
Natasha is nearby!
Natasha is nearby!
Natasha is nearby!
No quiver actions available for cycling.
Use [Q] to select from all actions.
You see here 10 gold pieces.
An adder and a dart slug come into view.
Found a stone staircase leading up.
The adder hisses angrily.
Natasha claws you!
You closely miss Natasha. Natasha claws you.
You barely miss Natasha. Natasha closely misses you.
You closely miss Natasha. Natasha claws you but does no damage.
You completely miss Natasha. The dart slug launches a dart at you.
The slug dart hits you. Natasha claws you but does no damage.
You miss Natasha. The adder bites you but does no damage. Natasha claws you.
The adder closely misses you.
You hit Natasha but do no damage.
Your tail-slap misses Natasha.
The adder bites you.
You are poisoned.
The adder poisons you! Natasha completely misses you.
You closely miss Natasha.
Your tail-slap misses Natasha.
You feel sick. The adder bites you.
* * * LOW HITPOINT WARNING * * *
Natasha stares at you and mumbles some strange words.
The magic dart hits you!
You die...
Natasha curls up and begins to purr.

#.##.... # #... ...#
#. #.......# #..
#w##..#.##
#...#####........#
...........#..#..###
......S.............
......hh.$.......#
#...#.####.#...#.# .
.. #..>....# ...
#.##..### ...
#.....######## .<
####.........# .
#########.# #.##
#...


You could see Natasha, an adder and a dart slug.

Vanquished Creatures
  2 goblins (D:1)
  A hobgoblin (D:1)
  A kobold (D:1)
  A quokka (D:1)
  3 ball pythons (D:1)
  2 bats
  A frilled lizard (D:1)
  2 rats (D:1)
13 creatures vanquished.

Notes
Turn   | Place    | Note
-------+----------+-------------------------------------------
     0 | D:1      | Gadfly the Draconian Shapeshifter began the quest for the
                  | Orb.
     0 | D:1      | Reached XP level 1. HP: 16/16 MP: 1/1
   553 | D:1      | Reached XP level 2. HP: 23/23 MP: 2/2
  1088 | D:2      | Noticed Natasha
  1098 | D:2      | Killed from afar by Natasha

Illustrated notes

Levels and vault maps discovered:
D:1:      minmay_arrival_nine_rooms, layout_basic
D:2:      layout_loops_cross, basic_altar, nicolae_eternal_life, uniq_natasha

Skill      XL: |  1  2 |
---------------+-------+-----
Dodging        | 2 |  2.0
Fighting       | |  1.3
Unarmed Combat | |  3.1
Evocations     | |  0.8
Shapeshifting  | |  3.1

Action                     || total
---------------------------++-------
  Melee: Unarmed           ||    31
         Tailslap          ||     6
         Punch             ||     2
    Use: Scroll            ||     5
         Potion            ||     1
 Armour: Skin              ||    26
  Dodge: Dodged            ||    18
